 Dungeon Crawl Stone Soup version 0.30-b1-2-g02819fbbbe (webtiles) character file.

Game seed: 6137148172291847558

51846 LLlMATKO the Cleaver (level 14, -7/133 HPs)
             Began as a Minotaur Berserker on Sept 2, 2023.
             Was a High Priest of Trog.
             Mangled by a seven-headed hydra (8 damage)
             ... on level 5 of the Lair of Beasts.
             The game lasted 00:18:01 (18103 turns).

LLlMATKO the Cleaver (Minotaur Berserker)          Turns: 18103, Time: 00:18:02

Health: -7/133     AC:  0    Str: 26    XL:     14   Next: 24%
Magic:  0/13       EV: 19    Int:  4    God:    Trog [*****.]
Gold:   1129       SH:  0    Dex: 11    Spells: 13/13 levels left

rFire   . . .        P - melded +5 war axe (heavy)
rCold   . . .        (shield currently unavailable)
rNeg    . . .        a - melded +3 chain mail
rPois   .            M - melded +2 hat {Stlth+}
rElec   .            A - melded scarf {shadows}
rCorr   .            N - melded +2 pair of gloves
SInv    .            G - melded +0 pair of boots
Will    +....        b - amulet of guardian spirit
Stlth   +            v - melded ring of poison resistance
HPRegen 0.42/turn    t - melded ring of protection from cold
MPRegen 0.13/turn

%: guardian spirit
@: about to teleport, pig-form, on berserk cooldown, slowed
A: fast, no casting, small, (horns 2), (retaliatory headbutt)
a: Renounce Religion, Berserk, Trog's Hand, Brothers in Arms


You were on level 5 of the Lair of Beasts.
You worshipped Trog.
Trog was extremely pleased with you.
You were a filthy swine.
You visited 2 branches of the dungeon, and saw 18 of its levels.

You collected 1129 gold pieces.

Inventory:

Hand Weapons
 J - a +1 halberd of freezing
 K - a +3 war axe
 P - a +5 heavy war axe (melded)
 Q - the +11 whip of the Goat {heavy, Drain rPois Dex+6}
   (You found it on level 8 of the Dungeon)

   Dex:       It affects your dexterity (+6).
   rPois:     It protects you from poison.
   Drain:     It drains your maximum health when unequipped.
 Z - the +9 war axe "Joafreq" {speed, rPois}
   (You found it on level 1 of the Lair of Beasts)

   rPois:     It protects you from poison.
Missiles
 m - 38 poisoned darts (quivered)
 B - a boomerang of dispersal
 C - 2 curare-tipped darts
 D - a boomerang
Armour
 a - a +3 chain mail (melded)
 A - a scarf of shadows (melded)
 G - a +0 pair of boots (melded)
 M - a +2 hat of stealth (melded)
 N - a +2 pair of gloves (melded)
Jewellery
 b - an amulet of guardian spirit (around neck)
 q - a +6 ring of strength
 t - a ring of protection from cold (melded)
 v - a ring of poison resistance (melded)
 x - a +6 ring of dexterity
 H - a ring of ice
 U - a ring of flight
 V - the ring of Agge {rN+ Str+4 Int+6}
   (You found it on level 12 of the Dungeon)

   [ring of intelligence]

   Str:       It affects your strength (+4).
   Int:       It affects your intelligence (+6).
   rN:        It protects you from negative energy.
 W - a ring of see invisible
 X - a ring of protection from cold
Wands
 e - a wand of quicksilver (3)
 y - a wand of mindburst (5)
 z - a wand of iceblast (10)
 R - a wand of polymorph (2)
Scrolls
 f - 5 scrolls of teleportation
 h - a scroll of torment {unknown}
 i - 5 scrolls of noise {unknown}
 j - 2 scrolls of enchant weapon {unknown}
 l - 3 scrolls of enchant armour {unknown}
 p - 13 scrolls of identify {unknown}
 r - 3 scrolls of fog {unknown}
 L - 3 scrolls of amnesia {unknown}
 T - 2 scrolls of acquirement {unknown}
Potions
 c - 5 potions of heal wounds
 d - 3 potions of might {unknown}
 g - 2 potions of invisibility {unknown}
 k - a potion of flight {unknown}
 n - 4 potions of ambrosia {unknown}
 o - 4 potions of berserk rage
 s - 6 potions of curing {unknown}
 u - a potion of cancellation {unknown}
 w - 3 potions of attraction {unknown}
 E - 3 potions of mutation {unknown}
 F - 2 potions of degeneration {unknown}
 I - 4 potions of brilliance {unknown}
 O - 3 potions of resistance {unknown}
 S - a potion of magic {unknown}
 Y - a potion of lignification {unknown}


   Skills:
 + Level 14.7 Fighting
 + Level 14.7 Axes
 + Level 14.5 Armour
 + Level 13.4 Dodging
 + Level 9.4 Shields


You had 13 spell levels left.
You didn't know any spells.
Your spell library was empty.

Dungeon Overview and Level Annotations

Branches:
Dungeon (13/15)            Temple (0/1) D:6            Lair (5/5) D:11
 Shoals (0/4) Lair:2       Spider (0/4) Lair:3          Orc (0/2) D:12
  Slime: Lair:4-5    Vaults: D:13-14

Altars:
Ashenzari
Cheibriados
Dithmenos
Gozag
Nemelex Xobeh
Wu Jian
Yredelemnul
The Shining One

Shops:
D:9 :

Annotations:
Lair:3 1 runed translucent door
Lair:4 Kirke


Innate Abilities, Weirdness & Mutations

You are a filthy swine.
You move quickly.
Your equipment is almost entirely melded.
You are incapable of wielding weapons or throwing items.
You cannot cast spells.
((You have a pair of horns on your head.))
((You reflexively headbutt those who attack you in melee.))


Message History

You hear a trumpeting! x2
There is a stone staircase leading up here.
Unknown command.
Unknown command.
You hit the water moccasin.
The water moccasin is lightly wounded.
The water moccasin bites you.
Unknown command.
You closely miss the water moccasin.
The water moccasin is lightly wounded.
The water moccasin misses you. The water moccasin closely misses you.
Unknown command.
You hit the seven-headed hydra.
The seven-headed hydra is lightly wounded.
The seven-headed hydra bites you! The seven-headed hydra bites you.
The seven-headed hydra bites you! The seven-headed hydra misses you.
The seven-headed hydra bites you! The seven-headed hydra misses you.
The seven-headed hydra bites you! The water moccasin barely misses you.
An elephant comes into view.
You miss the water moccasin.
The water moccasin is lightly wounded.
The water moccasin bites you. The seven-headed hydra misses you. x2
The seven-headed hydra bites you.
The seven-headed hydra closely misses you. x2
The seven-headed hydra barely misses you.
The seven-headed hydra misses you.
An elephant comes into view.
The water moccasin completely misses you.
As you read the scroll labelled EFOHAC CUKKA, it crumbles to dust.
You feel strangely unstable.
It was a scroll of teleportation.
The seven-headed hydra barely misses you. x2
The seven-headed hydra bites you! The seven-headed hydra bites you. x2
The seven-headed hydra bites you!
* * * LOW HITPOINT WARNING * * *
The seven-headed hydra bites you!
* * * LOW HITPOINT WARNING * * *
The water moccasin barely misses you. The seven-headed hydra bites you!!
* * * LOW HITPOINT WARNING * * *
The seven-headed hydra bites you!
You die...

.P.. ###
Y..##P# #
.....# .#
....####..#
...#......
#....PP...
##.#YP..P..#
#...ShP.P#
#....D..PP#
#........P.~~♣
##.........~~P~
#.#.......~~P~
# #.#.........
####....~P~~
#...P~~~~


You could see a seven-headed hydra, 2 elephants and a water moccasin.

Vanquished Creatures
  Gastronok (Lair:3)
  Nessos (Lair:5)
  A hydra (Lair:4)
  6 two-headed ogres
  2 centaur warriors (D:12)
  2 boulder beetles (D:12)
  6 death yaks (Lair:5)
  Nergalle (D:12)
  A shadow wraith (D:12)
  Lodul (D:12)
  Pikel (D:6)
  A wolf spider (D:12)
  4 deep elf pyromancers (D:12)
  3 ugly things (D:12)
  5 cyclopes
  2 manticores (D:12)
  A merfolk siren (Lair:2)
  9 elephants
  3 black mambas
  2 gargoyles (D:12)
  5 cane toads
  11 komodo dragons
  4 kobold demonologists
  5 trolls
  Grinder (D:6)
  A tarantella (Lair:3)
  A hornet (Lair:2)
  A polar bear (Lair:1)
  25 blink frogs
  2 slime creatures (D:12)
  Sigmund (D:6)
  A centaur simulacrum (D:12)
  2 shadows
  4 wyverns
  23 yaks
  9 basilisks
  6 hogs (Lair:4)
  A vampire mosquito (D:12)
  4 wraiths (D:12)
  2 steam dragons
  Duvessa (D:6)
  11 water moccasins
  2 acid dragons
  2 ice beasts
  A sky beast (D:7)
  5 orc warriors
  2 black bears
  4 ogres
  9 wolves
  2 centaurs (D:9)
  2 phantoms
  4 kobold brigands
  16 bullfrogs
  3 scorpions
  4 wights (D:8)
  Dowan (D:6)
  15 killer bees
  6 howler monkeys
  An electric eel (Lair:3)
  2 jellies (D:6)
  6 orc priests
  2 hounds
  2 iguanas
  10 orc wizards
  Robin (D:2)
  9 adders
  4 gnolls (D:7)
  2 white imps
  2 dart slugs
  45 orcs
  9 ball pythons
  A bat (D:1)
  9 endoplasms
  2 giant cockroaches
  11 goblins
  8 hobgoblins
  3 jackals (D:3)
  A quokka (D:4)
  2 frilled lizards (D:2)
  19 kobolds
  5 rats
408 creatures vanquished.

Vanquished Creatures (collateral kills)
  The ghost of rinqtmith the Grappler, a journeyman TrFi of Wu Jian (D:11)
  A manticore (D:12)
2 creatures vanquished.

Vanquished Creatures (others)
  14 fungi
  29 plants
43 creatures vanquished.

Grand Total: 453 creatures vanquished

Notes
Turn   | Place    | Note
-------+----------+-------------------------------------------
     0 | D:1      | LLlMATKO the Minotaur Berserker began the quest for the
                  | Orb.
     0 | D:1      | Reached XP level 1. HP: 19/19 MP: 0/0
   261 | D:1      | Found a faded altar of an unknown god.
   263 | D:1      | Reached XP level 2. HP: 23/27 MP: 1/1
   786 | D:2      | Reached XP level 3. HP: 28/33 MP: 2/2
   944 | D:2      | Reached ** piety under Trog
  1207 | D:2      | Noticed Robin
  1214 | D:2      | Killed Robin
  1216 | D:2      | Reached XP level 4. HP: 34/41 MP: 3/3
  1920 | D:3      | Reached XP level 5. HP: 36/47 MP: 4/4
  2197 | D:3      | Found an ornate altar of the Wu Jian Council.
  2278 | D:3      | Noticed a water moccasin
  2286 | D:3      | Killed a water moccasin
  2287 | D:3      | Reached skill level 5 in Fighting
  2287 | D:3      | Reached skill level 5 in Axes
  2344 | D:3      | Reached XP level 6. HP: 44/56 MP: 5/5
  2760 | D:4      | Reached *** piety under Trog
  2787 | D:4      | Found a sparkling altar of Nemelex Xobeh.
  3078 | D:4      | Reached skill level 5 in Armour
  3078 | D:4      | Reached XP level 7. HP: 49/62 MP: 6/6
  3272 | D:5      | Entered Level 5 of the Dungeon
  3522 | D:5      | Reached skill level 5 in Dodging
  3984 | D:6      | Reached XP level 8. HP: 71/71 MP: 7/7
  4284 | D:6      | Found a staircase to the Ecumenical Temple.
  4358 | D:6      | Noticed Pikel
  4367 | D:6      | Killed Pikel
  4581 | D:6      | Noticed Dowan
  4582 | D:6      | Noticed Duvessa
  4590 | D:6      | Killed Duvessa
  4592 | D:6      | Killed Dowan
  4888 | D:6      | Reached XP level 9. HP: 81/81 MP: 5/8
  5023 | D:6      | Noticed Sigmund
  5030 | D:6      | Killed Sigmund
  5071 | D:6      | Noticed Grinder
  5080 | D:6      | Killed Grinder
  5554 | D:7      | Found a shadowy altar of Dithmenos.
  5603 | D:7      | Reached **** piety under Trog
  6539 | D:8      | Identified the +11 whip of the Goat {heavy, Drain rPois
                  | Dex+6}
  6553 | D:8      | Found a glowing golden altar of the Shining One.
  6558 | D:8      | Found a broken altar of Ashenzari.
  6559 | D:8      | Found a snail-covered altar of Cheibriados.
  6560 | D:8      | Found a basalt altar of Yredelemnul.
  6560 | D:8      | Found an opulent altar of Gozag.
  7209 | D:9      | Noticed a two-headed ogre
  7219 | D:9      | Killed a two-headed ogre
  7220 | D:9      | Reached XP level 10. HP: 92/92 MP: 6/9
  7615 | D:9      | Found Vasuwong's Book Shoppe.
  7708 | D:9      | Reached skill level 10 in Fighting
  7963 | D:9      | Reached skill level 10 in Axes
  8220 | D:10     | Entered Level 10 of the Dungeon
  8236 | D:10     | Reached skill level 10 in Armour
  8747 | D:10     | Reached XP level 11. HP: 101/101 MP: 10/10
  9166 | D:11     | Noticed a two-headed ogre
  9166 | D:11     | Noticed a two-headed ogre
  9173 | D:11     | Killed a two-headed ogre
  9173 | D:11     | Killed a two-headed ogre
  9407 | D:11     | Reached ***** piety under Trog
  9433 | D:11     | Noticed a two-headed ogre
  9441 | D:11     | Killed a two-headed ogre
  9442 | D:11     | Reached skill level 10 in Dodging
  9653 | D:11     | Found a staircase to the Lair.
 10018 | D:11     | Found a runed translucent gate.
 10019 | D:11     | Found a runed translucent gate.
 10020 | D:11     | Found a runed translucent gate.
 10116 | D:11     | Noticed rinqtmith's ghost (journeyman TrFi)
 10149 | D:11     | Killed rinqtmith's ghost
 10282 | D:12     | Noticed a deep elf pyromancer
 10291 | D:12     | Killed a deep elf pyromancer
 10292 | D:12     | Reached skill level 1 in Shields
 10453 | D:12     | Noticed Nergalle
 10462 | D:12     | Killed Nergalle
 10678 | D:12     | Found a staircase to the Orcish Mines.
 11151 | D:12     | Noticed a boulder beetle
 11180 | D:12     | Killed a boulder beetle
 11225 | D:12     | Noticed a red ugly thing
 11238 | D:12     | Killed a red ugly thing
 11239 | D:12     | Reached XP level 12. HP: 50/112 MP: 5/11
 11651 | D:12     | Noticed Lodul
 11665 | D:12     | Killed Lodul
 11931 | D:12     | Noticed a two-headed ogre
 11947 | D:12     | Killed a two-headed ogre
 11954 | D:12     | Reached skill level 5 in Shields
 11964 | D:12     | Noticed a two-headed ogre
 11971 | D:12     | Killed a two-headed ogre
 12412 | D:12     | Noticed a centaur warrior
 12420 | D:12     | Killed a centaur warrior
 12627 | D:12     | Noticed a boulder beetle
 12739 | D:12     | Killed a boulder beetle
 12875 | D:12     | Identified the ring of Agge {rN+ Str+4 Int+6}
 12875 | D:12     | Noticed a centaur warrior
 12886 | D:12     | Killed a centaur warrior
 13687 | D:12     | Reached XP level 13. HP: 122/122 MP: 12/12
 13953 | D:12     | Found a staircase to the Orcish Mines.
 14670 | Lair:1   | Entered Level 1 of the Lair of Beasts
 15410 | Lair:1   | Identified the +9 war axe "Joafreq" {speed, rPois}
 15878 | Lair:2   | Found a staircase to the Shoals.
 17076 | Lair:3   | Found a hole to the Spider Nest.
 17099 | Lair:3   | Found a runed translucent door.
 17346 | Lair:3   | Noticed Gastronok
 17359 | Lair:3   | Killed Gastronok
 17719 | Lair:3   | You fall into a shaft and drop 2 floors!
 17719 | Lair:5   | Entered Level 5 of the Lair of Beasts
 17739 | Lair:5   | Noticed Nessos
 17754 | Lair:5   | Reached XP level 14. HP: 133/133 MP: 11/13
 17767 | Lair:5   | Received a gift from Trog
 17773 | Lair:5   | Killed Nessos
 18076 | Lair:4   | Noticed Kirke
 18103 | Lair:5   | HP: 1/133 [seven-headed hydra (17)]
 18103 | Lair:5   | Mangled by a seven-headed hydra

Illustrated notes

Levels and vault maps discovered:
D:1:      sevenhm_arrival_forest_fort_small_4, layout_basic,
          shapermc_ecumenical_altar_starsandcircs, minmay_tiny_reverse_x
D:2:      layout_loops_cross, uniq_robin
D:3:      layout_basic, mainiacjoe_overflow_alcove_4
D:4:      layout_basic, mainiacjoe_overflow_boulevard
D:5:      layout_cave_pools
D:6:      layout_loops_corners, minmay_temple_entry_glass, grunt_ministairs_10,
          uniq_sigmund, uniq_grinder, uniq_pikel, uniq_duvessa
D:7:      layout_basic, grunt_dithmenos_smoke
D:8:      layout_basic, minitemple
D:9:      layout_loops_ring, serial_shops, nicolae_book_shop_shelving
D:10:     layout_basic, hangedman_decor_opposing
D:11:     layout_irregular_city, david_lair_generic, ebering_ghost_rock_garden
D:12:     minmay_the_grid_octo_tiled_octocenter
          [minmay_the_grid_octo_fat_diamond, minmay_the_grid_octo_clover_2,
          minmay_the_grid_octo_checkerflower, minmay_the_grid_octo_77,
          minmay_the_grid_octo_prize_single_spiral,
          minmay_the_grid_square_5x5_shuriken, minmay_the_grid_square_5x5_n,
          minmay_the_grid_square_5x5_beaten_path,
          minmay_the_grid_square_5x5_minimal], layout_loops_corners, uniq_lodul,
          uniq_nergalle
D:13:     kennysheep_treasure_stockpile, layout_basic,
          nicolae_trove_entry_path_of_doom
Lair:1:   hellmonk_ruined_rings, layout_small_grid, grunt_megastairs_5
Lair:2:   layout_roguey, minmay_shoals_entry_lonely_mermaid,
          beast_lair_carwin_5, lemuel_fruit_tree
Lair:3:   layout_long_grid, spider_nest_entry_rubble,
          ebering_ghost_reflecting_pool, grunt_megastairs_1,
          infiniplex_staircase_pool, uniq_amaemon, uniq_gastronok
Lair:4:   layout_cave_pods, uniq_kirke
Lair:5:   grunt_lair_end_beastmaster, layout_loops_ring,
          nicolae_slime_entry_slimehenge, serial_bayou, serial_bayou_lagoon_a,
          serial_bayou_shore_a, serial_bayou_lagoon_b, serial_bayou_pond_a,
          uniq_nessos

Skill      XL: |  1  2  3  4  5  6  7  8  9 10 11 12 13 14 |
---------------+-------------------------------------------+-----
Fighting       | 4 5 6 8 9 10 12 13 14 | 14.7
Axes           | 4 5 6 7 9 10 12 13 14 | 14.7
Armour         | 3 4 5 6 7 9 10 11 13 14 | 14.5
Dodging        | 3 4 5 6 8 9 10 12 13 | 13.4
Shields        | 3 6 8 9 |  9.4

Action                     |  1- 3 |  4- 6 |  7- 9 | 10-12 | 13-15 || total
---------------------------+-------+-------+-------+-------+-------++-------
  Melee: Hand axe          |    73 |    49 |       |       |       ||   122
         Headbutt          |     9 |    16 |    31 |    98 |    83 ||   237
         Punch             |       |     1 |     1 |     2 |     5 ||     9
         War axe           |       |    63 |   193 |   405 |   383 ||  1044
         Unarmed           |       |       |       |       |     5 ||     5
  Throw: Dart              |       |       |       |     8 |     4 ||    12
 Invoke: Berserk           |     1 |     2 |     8 |    11 |     5 ||    27
         Trog's Hand       |       |       |       |     5 |       ||     5
         Brothers in Arms  |       |       |       |     3 |       ||     3
    Use: Scroll            |       |       |       |       |     7 ||     7
 Armour: Animal skin       |    15 |    29 |     1 |       |       ||    45
         Chain mail        |       |       |    84 |   170 |   131 ||   385
  Dodge: Dodged            |    38 |    69 |   107 |   198 |   182 ||   594
